 Dungeon Crawl Stone Soup version 0.18.1-8-gdd0e5ea (webtiles) character file.

2466 Northaan the Magician (level 9, -1/49 HPs)
             Began as a Gargoyle Earth Elementalist on May 26, 2016.
             Was a Follower of Vehumet.
             Killed from afar by Psyche (6 damage)
             ... with a puff of flame
             ... on level 8 of the Dungeon.
             The game lasted 00:16:32 (8264 turns).

Northaan the Magician (Gargoyle Earth Elementalist) Turns: 8264, Time: 00:16:32

Health: -1/49      AC: 10    Str: 11    XL:     9   Next: 50%
Magic:  20/20      EV: 12    Int: 20    God:    Vehumet [*.....]
Gold:   373        SH:  0    Dex: 10    Spells: 2 memorised, 19 levels left

rFire  . . .     SeeInvis .     e - +1 dagger (freeze)
rCold  + + .     Gourm    .     C - +2 robe of Jedaul {rC++}
rNeg   + . .     Faith    .     (no shield)
rPois  ∞         Spirit   .     (no helmet)
rElec  +         Dismiss  .     (no cloak)
rCorr  .         Reflect  .     x - +0 pair of gloves
SustAt .         Harm     .     (no boots)
MR     .....                    (no amulet)
Stlth  ++........               (no ring)
                                l - ring of wizardry

@: not resistant to hostile enchantments, unstealthy
A: negative energy resistance 1, electricity resistance, unbreathing,
petrification resistance, rot immunity, AC +5
a: Renounce Religion


You were on level 8 of the Dungeon.
You worshipped Vehumet.
Vehumet was aware of your devotion.
You were not hungry.

You visited 2 branches of the dungeon, and saw 9 of its levels.

You collected 373 gold pieces.

Inventory:

Hand Weapons
 e - a +1 dagger of freezing (weapon)
Missiles
 b - 178 stones (quivered)
Armour
 a - a +0 robe
 v - a +0 leather armour
 x - a +0 pair of gloves (worn)
 C - the +2 robe of Jedaul (worn) {rC++}
   (You found it on level 5 of the Dungeon)

   It greatly protects you from cold.
Jewellery
 l - a ring of wizardry (left hand)
Wands
 A - a wand of iceblast (5/15)
 B - a wand of confusion (33/48)
 H - a wand of acid (12/15)
Scrolls
 j - 4 scrolls of identify
 k - a scroll of fear
 m - a scroll of fog
 r - 3 scrolls of teleportation {unknown}
 s - a scroll of noise {unknown}
 t - a scroll of vulnerability {unknown}
 u - 6 scrolls of remove curse {unknown}
 y - a scroll of random uselessness {unknown}
 E - a scroll of enchant armour {unknown}
 G - a scroll of magic mapping {unknown}
Potions
 g - 2 potions of curing
 h - 3 potions of lignification
 i - 2 potions of berserk rage {unknown}
 n - 2 potions of resistance {unknown}
 o - a potion of mutation {unknown}
 p - a potion of haste {unknown}
 w - 2 potions of degeneration {unknown}
 z - 2 potions of might {unknown}
 D - a potion of flight {unknown}
Books
 c - a book of Geomancy

   Spells                             Type                      Level
   a - Sandblast                      Earth                        1
   b - Passwall                       Transmutation/Earth          2
   c - Stone Arrow                    Conjuration/Earth            3
   d - Petrify                        Transmutation/Earth          4
   e - Lee's Rapid Deconstruction     Earth                        5
Comestibles
 d - 9 bread rations
 f - 2 meat rations
 F - 2 chunks of flesh


   Skills:
 + Level 2.5 Fighting
 + Level 2.6 Armour
 + Level 2.7 Dodging
 - Level 2.1 Stealth
 * Level 7.8 Spellcasting
 + Level 6.1 Conjurations
   Level 0.7 Transmutations
 + Level 7.7 Earth Magic


You had 19 spell levels left.
You knew the following spells:

 Your Spells              Type           Power        Failure   Level  Hunger
a - Sandblast             Erth           #####.       1%          1    None
b - Stone Arrow           Conj/Erth      #####.       1%          3    None


Dungeon Overview and Level Annotations

Branches:
Dungeon (8/15)             Temple (1/1) D:5
   Lair: D:8-11

Altars:
Cheibriados
Elyvilon
Fedhas
Kikubaaqudgha
Makhleb
Okawaru
Pakellas
Ru
Sif Muna
Trog
Vehumet
Yredelemnul
Zin
The Shining One

Shops:
D:6 %   D:7 =

Annotations:
D:5 Edmund
D:8 Psyche


Innate Abilities, Weirdness & Mutations

You are resistant to torment.
Your stone body is resilient (AC +5).
You are immune to poison.
You resist negative energy.
You are resistant to electric shocks.
You can survive without breathing.
You are immune to petrification.
You are immune to rotting.


Message History

The orc wizard casts a spell at you. The magic dart hits you!
* * * LOW HITPOINT WARNING * * *
A magic dart appears from out of thin air!
The magic dart hits you!
The orc wizard gestures at you while chanting.
The magic dart hits you! Something hits you but does no damage.
You hear some strange, mumbled words.
A puff of frost appears from out of thin air!
The puff of frost hits you! You resist.
* * * LOW HITPOINT WARNING * * *
A magic dart appears from out of thin air!
The magic dart hits you!
* * * LOW HITPOINT WARNING * * *
Something hits you but does no damage.
You hear some strange, mumbled words.
A puff of flame appears from out of thin air!
The puff of flame hits you!
You die...

#.#.# ...## ##
###.#.####### .#
#.........# .#
#.#######.# <# #.#
.######## #.# ........#
#.# .######.# #.# .#
#@# .# #.#######. .#
#......... .#
#..###.#.######## ##..
.# #.....o.###.....
...# .# #............##
#..# .......
...###......o..###.#..#
######. ##
#.............#..#
#.###.###.#####..#


You could see an orc wizard.

Vanquished Creatures
  A hungry ghost (D:6)
  A hippogriff (D:7)
  A water moccasin (D:8)
  A sky beast (D:8)
  A necrophage (D:8)
  A phantom (D:7)
  4 ogres
  4 centaurs
  3 giant frogs
  A gnoll sergeant (D:8)
  3 scorpions
  The ghost of Xiguana the Caller, a weakling DESu (D:3)
  2 crimson imps (D:7)
  A hound (D:6)
  An orc priest (D:6)
  A gnoll shaman (D:8)
  A jelly (D:7)
  A giant frog skeleton (D:7)
  2 iguanas
  3 worker ants
  A hound skeleton (D:8)
  21 gnolls
  9 adders
  A shadow imp (D:8)
  2 oozes
  A worm (D:2)
  2 dart slugs (D:1)
  4 giant geckos
  16 orcs
  A ball python (D:6)
  2 giant cockroaches (D:3)
  6 goblins
  8 hobgoblins
  8 kobolds
  3 quokkas
  5 bats
  3 giant newts
  A jackal skeleton (D:4)
  A quokka zombie (D:5)
  8 rats
137 creatures vanquished.

Notes
Turn   | Place    | Note
--------------------------------------------------------------
     0 | D:1      | Northaan the Gargoyle Earth Elementalist began the quest for the Orb.
     0 | D:1      | Reached XP level 1. HP: 10/10 MP: 3/3
   117 | D:1      | Reached XP level 2. HP: 9/15 MP: 5/5
   660 | D:1      | Reached XP level 3. HP: 19/19 MP: 7/7
   848 | D:2      | Learned a level 3 spell: Stone Arrow
  1149 | D:2      | Reached skill level 1 in Conjurations
  1364 | D:2      | Reached XP level 4. HP: 24/24 MP: 1/8
  1415 | D:2      | Found a faded altar to an unknown god.
  1687 | D:3      | Noticed Xiguana's ghost (weakling DESu)
  1701 | D:3      | Killed Xiguana's ghost
  1701 | D:3      | Reached XP level 5. HP: 20/28 MP: 3/10
  1871 | D:3      | Reached skill level 5 in Earth Magic
  2588 | D:4      | Noticed Edmund
  2652 | D:5      | Entered Level 5 of the Dungeon
  2869 | D:5      | Found a staircase to the Ecumenical Temple.
  2881 | Temple   | Entered the Ecumenical Temple
  2888 | Temple   | Became a worshipper of Vehumet
  3050 | D:5      | Noticed a centaur
  3059 | D:5      | Killed a centaur
  3059 | D:5      | Reached XP level 6. HP: 26/32 MP: 7/12
  3555 | D:5      | Got a fine robe
  3556 | D:5      | Identified the +2 robe of Jedaul {rC++} (You found it on level 5 of the Dungeon)
  3594 | D:5      | Found a burning altar of Makhleb.
  4366 | D:5      | Reached XP level 7. HP: 36/36 MP: 8/14
  4486 | D:5      | Reached skill level 5 in Spellcasting
  4972 | D:4      | Found a sacrificial altar of Ru.
  5083 | D:4      | Found a white marble altar of Elyvilon.
  5086 | D:4      | Found a glowing golden altar of the Shining One.
  5762 | D:6      | Reached XP level 8. HP: 35/41 MP: 1/16
  6363 | D:6      | Found Joyr Tetz's Food Boutique.
  6370 | D:6      | Reached skill level 5 in Conjurations
  6455 | D:6      | Found a bloodstained altar of Trog.
  6456 | D:6      | Found an iron altar of Okawaru.
  7200 | D:7      | Reached * piety under Vehumet
  7200 | D:7      | Offered knowledge of Shock by Vehumet.
  7317 | D:7      | Reached skill level 1 in Fighting
  7322 | D:7      | Reached skill level 1 in Armour
  7322 | D:7      | Reached XP level 9. HP: 31/47 MP: 6/19
  7575 | D:7      | Found Qotutz's Jewellery Shop.
  7983 | D:8      | Found a burning altar of Makhleb.
  8203 | D:8      | Offered knowledge of Searing Ray by Vehumet.
  8234 | D:8      | Noticed Psyche
  8264 | D:8      | Killed from afar by Psyche

Skill      XL: |  1  2  3  4  5  6  7  8  9 |
---------------+----------------------------+-----
Earth Magic    | 4 5 6 7 |  7.7
Conjurations   | 1 2 3 4 5 6 |  6.1
Spellcasting   | 3 4 5 7 |  7.8
Fighting       | 1 2 |  2.5
Armour         | 1 2 |  2.6
Dodging        | 2 |  2.7
Stealth        | |  2.1
Transmutations | |  0.7

Action                   |  1- 3 |  4- 6 |  7- 9 || total
-------------------------+-------+-------+-------++-------
Melee: Dagger            |    85 |   142 |   190 ||   417
 Cast: Stone Arrow       |     2 |    10 |    65 ||    77
       Sandblast         |       |    18 |    81 ||    99
Evoke: Wand              |       |     1 |       ||     1
  Use: Scroll            |       |     2 |     2 ||     4
       Potion            |       |     2 |       ||     2
 Stab: Sleeping          |     4 |     2 |     2 ||     8
  Eat: Chunk             |     1 |     8 |     6 ||    15
       Beef jerky        |       |     1 |       ||     1
       Meat ration       |       |       |     2 ||     2
Armor: Robe              |    16 |    53 |   107 ||   176
       Skin              |       |     1 |       ||     1
Dodge: Dodged            |    44 |   118 |   155 ||   317
